 Dungeon Crawl Stone Soup version 0.23.1-42-g8abd8fc (webtiles) character file.

Game seed: 7835075251228935223

15926 Kairos the Cleaver (level 12, -1/106 HPs)
             Began as a Minotaur Fighter on Mar 30, 2019.
             Was a High Priest of Okawaru.
             Slain by an eight-headed hydra (2 damage)
             ... on level 2 of the Lair of Beasts.
             The game lasted 00:19:24 (9649 turns).

Kairos the Cleaver (Minotaur Fighter)               Turns: 9649, Time: 00:19:25

Health: -1/106     AC: 14    Str: 25    XL:     12   Next: 5%
Magic:  10/12      EV: 17    Int:  5    God:    Okawaru [*****.]
Gold:   262        SH: 15    Dex: 12    Spells: 11/11 levels left

rFire    + . .     SeeInvis .   C - +2 trident of Eternal Vigilance {pierce, rF+ Stlth+}
rCold    . . .     Gourm    .   c - +0 shield
rNeg     + . .     Faith    .   F - +5 ring mail of Hopscotch {rElec Regen+ Dex-4}
rPois    .         Spirit   .   (helmet unavailable)
rElec    +         Reflect  .   p - +0 cloak
rCorr    .         Harm     .   (no gloves)
MR       .....                  (no boots)
Stlth    ++++......             q - amulet of regeneration
HPRegen  1.07/turn              j - +3 ring of dexterity
MPRegen  0.13/turn              y - ring of positive energy

@: heroism
A: retaliatory headbutt, horns 3, agile 1, mutation resistance 1
a: Heroism, Finesse, Renounce Religion


You were on level 2 of the Lair of Beasts.
You worshipped Okawaru.
Okawaru was extremely pleased with you.
You were near starving.

You visited 3 branches of the dungeon, and saw 13 of its levels.

You collected 710 gold pieces.
You spent 448 gold pieces at shops.

Inventory:

Hand Weapons
 s - a +0 morningstar
 C - the +2 trident of Eternal Vigilance (weapon) {pierce, rF+ Stlth+}
   (You found it on level 9 of the Dungeon)

   It inflicts extra damage upon your enemies.
   It protects you from fire.
   It makes you more stealthy.
 E - a +1 broad axe
Missiles
 a - a throwing net
 A - 4 tomahawks (quivered)
 M - 3 javelins
Armour
 c - a +0 shield (worn)
 p - a +0 cloak (worn)
 F - the +5 ring mail of Hopscotch (worn) {rElec Regen+ Dex-4}
   (You found it on level 8 of the Dungeon)

   It affects your dexterity (-4).
   It insulates you from electricity.
   It increases your rate of regeneration.
Jewellery
 j - a +3 ring of dexterity (left hand)
 q - an amulet of regeneration (around neck)
 y - a ring of positive energy (right hand)
 L - an uncursed ring of positive energy
 Q - an uncursed ring of ice
Wands
 b - a wand of paralysis (12)
 e - a wand of flame (21)
 g - a wand of polymorph (4)
 n - a wand of iceblast (3)
 D - a wand of random effects (11)
 O - a wand of digging (6)
Scrolls
 k - a scroll of immolation
 l - 2 scrolls of blinking
 o - 4 scrolls of teleportation
 u - a scroll of fog
 v - 2 scrolls of amnesia
 x - 3 scrolls of enchant armour
 B - 4 scrolls of remove curse
 J - a scroll of acquirement {unknown}
 N - a scroll of identify
Potions
 d - a potion of might
 h - 6 potions of heal wounds
 i - 2 potions of mutation
 m - a potion of flight
 r - 3 potions of haste
 t - 2 potions of curing
 w - a potion of invisibility {unknown}
 z - 2 potions of berserk rage {unknown}
 H - a potion of magic {unknown}
 K - a potion of agility
Miscellaneous
 G - a fan of gales (inert)
 I - a sack of spiders
 P - a lightning rod (inert)
Comestibles
 f - 20 rations


   Skills:
 + Level 10.2(15.2) Fighting
 + Level 14.7(19.7) Axes
 + Level 8.7(13.7) Armour
 + Level 5.9(10.9) Dodging
 + Level 2.2(7.2) Stealth
 + Level 11.1(16.1) Shields
 + Level 0.6(5.6) Unarmed Combat
 + Level 1.0 Invocations
 + Level 1.4 Evocations


You had 11 spell levels left.
You didn't know any spells.
Your spell library contained the following spells:

 Spells                   Type           Power        Failure   Level  Hunger
 Corona                   Hex            #......      58%         1    ##.....
 Flame Tongue             Conj/Fire      #....        58%         1    ##.....
 Magic Dart               Conj           #...         58%         1    ##.....
 Searing Ray              Conj           #.....       73%         2    ###....
 Slow                     Hex            #.......     73%         2    ###....
 Throw Flame              Conj/Fire      #.....       73%         2    ###....
 Conjure Flame            Conj/Fire      #.......     91%         3    ####...
 Dazzling Spray           Conj/Hex       #.....       91%         3    ####...
 Inner Flame              Hex/Fire       #.......     91%         3    ####...
 Portal Projectile        Hex/Tloc       #.....       91%         3    ####...
 Cause Fear               Hex            #.........   100%        4    #####..
 Force Lance              Conj/Tloc      #.......     100%        4    #####..
 Fulminant Prism          Conj/Hex       #.........   100%        4    #####..
 Iskenderun's Mystic Bla  Conj           #.......     100%        4    #####..
 Leda's Liquefaction      Hex/Erth       #.........   100%        4    #####..
 Sticky Flame             Conj/Fire      #.......     100%        4    #####..
 Fireball                 Conj/Fire      #.........   100%        5    ######.


Dungeon Overview and Level Annotations

Branches:
Dungeon (10/15)            Temple (1/1) D:6            Lair (2/6) D:10
  Swamp: Lair:2-4    Shoals: Lair:2-4     Snake: Lair:2-4    Spider: Lair:2-4
    Orc: D:9-12

Altars:
Ashenzari
Cheibriados
Dithmenos
Elyvilon
Fedhas
Gozag
Hepliaklqana
Kikubaaqudgha
Makhleb
Nemelex Xobeh
Okawaru
Qazlal
Ru
Sif Muna
Trog
Uskayaw
Vehumet
Wu Jian
Xom
Yredelemnul
Zin
The Shining One

Shops:
D:6 =

Annotations:
Lair:2 3 runed translucent doors, exclusion: oklob plant, Duaji's ghost, journeyman GrFi


Innate Abilities, Weirdness & Mutations

You reflexively headbutt those who attack you in melee.
You have a pair of large horns on your head.
You are agile. (Dex +2)
You are somewhat resistant to further mutation.


Message History

The eight-headed hydra misses you.
The eight-headed hydra completely misses you.
The eight-headed hydra bites you.
* * * LOW HITPOINT WARNING * * *
The eight-headed hydra completely misses you.
The eight-headed hydra bites you!
* * * LOW HITPOINT WARNING * * *
The eight-headed hydra bites you but does no damage.
Okay, then.
Evoke which item? (* to show all) (? for menu, Esc to quit)
A fierce wind blows from the fan.
You block the eight-headed hydra's attack.
The eight-headed hydra misses you.
You block the eight-headed hydra's attack.
The eight-headed hydra bites you!
* * * LOW HITPOINT WARNING * * *
The eight-headed hydra closely misses you.
You block the eight-headed hydra's attack.
The eight-headed hydra bites you.
You die...

.............####### #...#
.................# ##.#.#
.................#####....#
.................#.#.#....#
..........................###
...........................P#
...........................##
.................###......##
.........>......@# ##P.....#
................D# ###...##
.................# #....#
........ ......... ##.#.#
######.## #...## ## #.#..#
#.#..# #.#.## ##...##


You could see an eight-headed hydra.

Vanquished Creatures
  Gastronok (Lair:2)
  Fannar (Lair:2)
  Erolcha (D:10)
  A two-headed ogre (D:8)
  Urug (D:10)
  Joseph (D:8)
  A molten gargoyle (Lair:2)
  3 spiny frogs
  3 komodo dragons
  A troll (D:8)
  2 hornets
  5 hippogriffs
  A spriggan (D:9)
  15 yaks
  A wraith (D:10)
  2 wyverns (D:9)
  A hungry ghost (D:8)
  A porcupine (Lair:1)
  3 water moccasins
  2 orc warriors
  4 sky beasts
  4 ice beasts
  A black bear (D:9)
  Purgy (D:3)
  3 ogres
  A phantom (D:6)
  3 centaurs
  7 wolves
  2 crocodiles
  A big kobold (D:10)
  4 bullfrogs
  A wyvern zombie (D:8)
  2 scorpions (D:9)
  A howler monkey (D:6)
  5 crimson imps
  An electric eel (Lair:2)
  2 bullfrog zombies (D:10)
  8 hounds
  4 orc priests
  A centaur zombie (D:9)
  5 jellies
  3 orc wizards
  2 centaur skeletons (D:6)
  Ijyb (D:3)
  4 iguanas
  Natasha (thrice) (D:3)
  4 worker ants
  A killer bee zombie (D:7)
  2 hound zombies
  2 hound skeletons
  A worker ant zombie (D:8)
  3 gnolls (D:4)
  10 adders
  5 shadow imps
  3 oozes
  An adder skeleton (D:4)
  An adder zombie (D:8)
  3 worms
  3 dart slugs (D:1)
  2 leopard geckos
  33 orcs
  9 giant cockroaches
  13 goblins
  6 hobgoblins
  15 jackals
  4 quokkas
  7 bats
  4 frilled lizards
  A jackal skeleton (D:4)
  A jackal zombie (D:5)
  13 kobolds
  A leopard gecko skeleton (D:4)
  A quokka zombie (D:6)
  6 rats
  A fungus (Lair:2)
277 creatures vanquished.

Notes
Turn   | Place    | Note
-------+----------+-------------------------------------------
     0 | D:1      | Kairos the Minotaur Fighter began the quest for the Orb.
     0 | D:1      | Reached XP level 1. HP: 19/19 MP: 0/0
    22 | D:1      | Reached XP level 2. HP: 21/27 MP: 1/1
   390 | D:1      | Reached XP level 3. HP: 33/33 MP: 2/2
   724 | D:2      | Reached skill level 3 in Axes
   724 | D:2      | Reached XP level 4. HP: 32/40 MP: 3/3
  1176 | D:2      | Reached XP level 5. HP: 44/46 MP: 4/4
  1373 | D:3      | Noticed Natasha
  1388 | D:3      | Killed Natasha
  1388 | D:3      | Reached skill level 4 in Axes
  1448 | D:3      | Noticed Purgy
  1463 | D:3      | Gained mutation: Your spells are a little harder to cast,
                  | but a little more powerful. [potion of mutation]
  1463 | D:3      | Gained mutation: You have a pair of large horns on your
                  | head. [potion of mutation]
  1485 | D:3      | Killed Purgy
  1485 | D:3      | Reached skill level 5 in Armour
  1485 | D:3      | Reached skill level 5 in Shields
  1485 | D:3      | Reached XP level 6. HP: 42/53 MP: 5/5
  1628 | D:3      | Noticed Natasha
  1636 | D:3      | Killed Natasha
  1720 | D:3      | Noticed Natasha
  1744 | D:3      | Killed Natasha
  1744 | D:3      | Reached skill level 1 in Dodging
  1752 | D:3      | Noticed Ijyb
  1771 | D:3      | Reached skill level 5 in Axes
  1785 | D:3      | Killed Ijyb
  2006 | D:4      | Reached skill level 5 in Fighting
  2006 | D:4      | Reached XP level 7. HP: 36/61 MP: 6/6
  2372 | D:4      | Reached skill level 6 in Axes
  2535 | D:5      | Entered Level 5 of the Dungeon
  3377 | D:6      | Found a staircase to the Ecumenical Temple.
  3535 | D:6      | Reached skill level 7 in Axes
  3535 | D:6      | Reached XP level 8. HP: 61/70 MP: 7/7
  3572 | Temple   | Entered the Ecumenical Temple
  3680 | Temple   | Became a worshipper of Warmaster Okawaru
  3784 | D:6      | Found Duycash's Jewellery Shop.
  3898 | D:6      | Reached skill level 8 in Axes
  4041 | D:6      | Lost mutation: Your spells are a little harder to cast, but
                  | a little more powerful. [potion of mutation]
  4041 | D:6      | Gained mutation: You are agile. (Dex +2) [potion of
                  | mutation]
  4041 | D:6      | Gained mutation: You are somewhat resistant to further
                  | mutation. [potion of mutation]
  4063 | D:7      | Reached skill level 1 in Stealth
  4116 | D:7      | Reached * piety under Okawaru
  4176 | D:7      | Found a shimmering altar of Xom.
  4302 | D:7      | Reached skill level 9 in Axes
  4388 | D:7      | Reached XP level 9. HP: 78/78 MP: 8/8
  4559 | D:8      | Noticed a two-headed ogre
  4567 | D:8      | Killed a two-headed ogre
  4567 | D:8      | Reached ** piety under Okawaru
  4584 | D:8      | Reached skill level 10 in Axes
  4736 | D:8      | Noticed a troll
  4746 | D:8      | Killed a troll
  4807 | D:8      | Noticed Joseph
  5320 | D:8      | Killed Joseph
  5327 | D:8      | Got a pitted ring mail
  5338 | D:8      | Identified the +5 ring mail of Hopscotch {rElec Regen+
                  | Dex-4} (You found it on level 8 of the Dungeon)
  5367 | D:8      | Reached *** piety under Okawaru
  5512 | D:8      | Paralysed by a hornet for 3 turns
  5522 | D:8      | Reached XP level 10. HP: 52/86 MP: 6/9
  6041 | D:6      | Bought an uncursed amulet of regeneration for 420 gold
                  | pieces
  6042 | D:6      | Bought a cursed -2 ring of intelligence for 28 gold pieces
  6221 | D:9      | Found a radiant altar of Vehumet.
  6280 | D:9      | Reached skill level 11 in Axes
  6335 | D:9      | Reached **** piety under Okawaru
  6475 | D:9      | Got a blackened trident
  6876 | D:9      | Reached skill level 5 in Dodging
  6937 | D:9      | Identified the +2 trident of Eternal Vigilance {pierce, rF+
                  | Stlth+} (You found it on level 9 of the Dungeon)
  6947 | D:10     | Entered Level 10 of the Dungeon
  7128 | D:10     | Noticed Erolcha
  7138 | D:10     | Killed Erolcha
  7138 | D:10     | Reached skill level 12 in Axes
  7138 | D:10     | Reached skill level 10 in Shields
  7157 | D:10     | Reached XP level 11. HP: 56/95 MP: 10/10
  7159 | D:10     | Reached ***** piety under Okawaru
  7348 | D:10     | Found a staircase to the Lair.
  7357 | D:10     | Noticed Urug
  7793 | D:10     | Killed Urug
  7793 | D:10     | Reached skill level 1 in Invocations
  7829 | Lair:1   | Entered Level 1 of the Lair of Beasts
  7834 | Lair:1   | Reached skill level 13 in Axes
  7958 | Lair:1   | Received a gift from Okawaru
  8897 | Lair:2   | Noticed Gastronok
  8913 | Lair:2   | Killed Gastronok
  8913 | Lair:2   | Reached skill level 14 in Axes
  9100 | Lair:2   | Noticed an oklob plant
  9126 | Lair:2   | Reached skill level 10 in Fighting
  9128 | Lair:2   | Got an ichor-stained scale mail
  9139 | Lair:2   | Identified the +0 scale mail "Jangeidgh" {rElec MR++ Regen+
                  | Str-5} (You found it on level 2 of the Lair of Beasts)
  9361 | Lair:2   | Noticed Fannar
  9372 | Lair:2   | Killed Fannar
  9375 | Lair:2   | Found an ornate altar of the Wu Jian Council.
  9396 | Lair:2   | Reached XP level 12. HP: 89/106 MP: 11/11
  9472 | Lair:2   | Reached skill level 1 in Evocations
  9557 | Lair:2   | Found a runed translucent gate.
  9557 | Lair:2   | Found a runed translucent gate.
  9557 | Lair:2   | Found a runed translucent gate.
  9560 | Lair:2   | Noticed Duaji's ghost (journeyman GrFi)
  9638 | Lair:2   | Noticed an eight-headed hydra
  9649 | Lair:2   | HP: 1/106 [eight-headed hydra (14)]
  9649 | Lair:2   | Slain by an eight-headed hydra

Skill      XL: |  1  2  3  4  5  6  7  8  9 10 11 12 |
---------------+-------------------------------------+-----
Armour         | 4 5 6 7 8 |  8.7
Shields        | 4 5 6 7 9 10 11 | 11.1
Fighting       | 4 5 6 7 8 10 | 10.2
Axes           | 3 4 5 7 9 10 12 14 | 14.7
Dodging        | 1 2 3 4 5 |  5.9
Stealth        | 1 2 |  2.2
Invocations    | 1 |  1.0
Evocations     | 1 |  1.4
Unarmed Combat | |  0.6

Action                   |  1- 3 |  4- 6 |  7- 9 | 10-12 || total
-------------------------+-------+-------+-------+-------++-------
Melee: War axe           |    79 |   155 |   162 |       ||   396
       Headbutt          |    11 |    29 |    57 |    71 ||   168
       Unarmed           |       |    18 |       |       ||    18
       Broad axe         |       |       |    79 |   328 ||   407
       Trident           |       |       |       |     4 ||     4
Invok: Heroism           |       |       |     4 |     4 ||     8
Evoke: Wand              |       |       |     2 |     3 ||     5
       Lightning rod     |       |       |       |     4 ||     4
       Sack of spiders   |       |       |       |     1 ||     1
       Fan of gales      |       |       |       |     1 ||     1
  Use: Scroll            |     4 |     1 |     8 |     6 ||    19
       Potion            |     1 |     5 |     1 |       ||     7
 Stab: Paralysed         |       |       |       |     3 ||     3
  Eat: Chunk             |       |     4 |     6 |     8 ||    18
       Ration            |       |       |     3 |     1 ||     4
Armor: Scale mail        |    60 |    83 |    73 |       ||   216
       Ring mail         |       |       |    15 |    98 ||   113
Dodge: Dodged            |    32 |    78 |    88 |   116 ||   314
Block: Shield            |    47 |   103 |   186 |   196 ||   532
